 Dungeon Crawl Stone Soup version 0.27.1-1-g398f81649c (webtiles) character file.

Game seed: 16357543742136610346

757 Thatpatchoflichen the Chiller (level 7, -5/60 HPs)
             Began as a Purple Draconian Ice Elementalist on Sept 11, 2021.
             Slain by a sky beast (6 damage)
             ... on level 5 of the Dungeon.
             The game lasted 00:15:59 (5587 turns).

Thatpatchoflichen the Chiller (DrIE)                Turns: 5587, Time: 00:16:00

Health: -5/60      AC:  6    Str: 10    XL:     7   Next: 50%
Magic:  13/13      EV: 13    Int: 17    God:
Gold:   160        SH:  0    Dex: 12    Spells: 6/14 levels left

rFire    + . .     SeeInvis .   b - +1 whip (elec)
rCold    . . .     Faith    .   (no shield)
rNeg     . . .     Spirit   .   (armour unavailable)
rPois    .         Reflect  .   (helmet restricted)
rElec    .         Harm     .   (no cloak)
rCorr    .         Rampage  .   (no gloves)
Will     +....                  (no boots)
Stlth    ++........             e - amulet of magic regeneration
HPRegen  0.20/turn              d - ring of flight
MPRegen  0.38/turn              o - ring of protection from fire

@: flying
A: breathe power, AC +6, unfitting armour, cold-blooded
a: Breathe Dispelling Energy


You were on level 5 of the Dungeon.
You visited 1 branch of the dungeon, and saw 6 of its levels.

You collected 160 gold pieces.

Inventory:

Hand Weapons
 b - a +1 whip of electrocution (weapon)
 l - a +2 dagger of draining
 s - a +0 dagger of venom
Missiles
 g - 147 stones
 n - 16 poisoned darts
Jewellery
 d - a ring of flight (left hand)
 e - an amulet of magic regeneration (around neck)
 o - a ring of protection from fire (right hand)
Wands
 r - a wand of iceblast (8)
Scrolls
 f - 4 scrolls of magic mapping {unknown}
 i - 2 scrolls of fog {unknown}
 j - a scroll of amnesia {unknown}
 p - 3 scrolls of identify {unknown}
 q - a scroll of enchant weapon {unknown}
 t - a scroll of fear {unknown}
 u - a scroll of immolation {unknown}
 v - a scroll of teleportation {unknown}
 w - a scroll of vulnerability {unknown}
Potions
 a - 3 potions of curing {unknown}
 c - 2 potions of brilliance {unknown}
 h - a potion of cancellation {unknown}
 k - a potion of flight {unknown}
 m - a potion of magic {unknown}


   Skills:
 + Level 4.6 Fighting
 - Level 4.0 Dodging
 - Level 1.7 Stealth
 - Level 4.0 Spellcasting
 + Level 1.4 Hexes
 + Level 6.2 Ice Magic


You had 6 spell levels left.
You knew the following spells:

 Your Spells              Type           Power      Damage    Failure   Level
a - Freeze                Ice            96%        1d11      1%          1
b - Frozen Ramparts       Ice            48%        1d6       3%          3
c - Ozocubu's Armour      Ice            24%        N/A       3%          3
d - Corona                Hex            8%         N/A       9%          1

Your spell library contained the following spells:

 Spells                   Type           Power      Damage    Failure   Level
 Animate Skeleton         Necr           6%         N/A       16%         1
 Apportation              Tloc           6%         N/A       16%         1
 Summon Small Mammal      Summ           12%        N/A       16%         1
 Hailstorm                Conj/Ice       14%        3d5       41%         4
 Stone Arrow              Conj/Erth      6%         3d7       43%         3
 Bolt of Magma            Conj/Fire/Erth 1%         4d4       99%         5
 Shatter                  Erth           1%         3d6*      100%        9


Dungeon Overview and Level Annotations

Branches:
Dungeon (6/15)
 Temple: D:4-7

Altars:


Innate Abilities, Weirdness & Mutations

You can breathe bolts of dispelling energy.
Your rich purple scales are hard. (AC +6)
You cannot fit into any form of body armour.
You are cold-blooded and may be slowed by cold attacks.


Message History

Something hits you but does no damage.
You hit the rat.
You kill the rat!
Something hits you. Something shocks you. Something hits you.
* * * LOW HITPOINT WARNING * * *
Something shocks you.
* * * LOW HITPOINT WARNING * * *
You see here a rat corpse.
Something hits you.
* * * LOW HITPOINT WARNING * * *
Something shocks you.
* * * LOW HITPOINT WARNING * * *
You hear the brisk rusting of a drain very nearby. 2 rats come into view.
A sky beast appears from thin air!
Reactivating autopickup.
The rat splashes around in the water.
You hit the rat.
You kill the rat!
The sky beast misses you.
The sky beast flickers out of sight!
Deactivating autopickup; reactivate with Ctrl-A.
You hit the rat.
You kill the rat!
Something hits you.
* * * LOW HITPOINT WARNING * * *
Something shocks you.
* * * LOW HITPOINT WARNING * * *
You hit the rat but do no damage. Lightning courses through the rat!!
You kill the rat!
Something hits you but does no damage.
Things that are here:
a rat corpse; a rat corpse 2 river rats come into view.
Something hits you but does no damage. Something hits you.
* * * LOW HITPOINT WARNING * * *
Something shocks you.
You die...

.... ###. #.. #..# #...
#.. #..# .### #.. ..#
..... ##### #.. .. ....
#≈≈≈# #.# #..≈#†#@# #.##
#..≈#≈#≈# #..# #.≈≈≈≈#r≈
#..# ##..≈#≈#≈## #..## #
#...≈≈≈#≈r ##..# #.
.#.?..#≈### #..####.
.....≈≈≈# #.......
......≈≈############......
#....##.†.......##........


You could see 2 river rats.

Vanquished Creatures
  An ogre (D:4)
  A centaur (D:5)
  The ghost of Triskal the Magician, an amateur OpTm of Vehumet (D:3)
  2 scorpions
  Jessica (D:3)
  An iguana (D:5)
  A scorpion zombie (D:5)
  5 orc wizards
  A hound zombie (D:5)
  A howler monkey skeleton (D:4)
  7 adders
  An ufetubus (D:4)
  An adder zombie (D:5)
  2 worms (D:3)
  2 dart slugs
  8 orcs
  5 bats
  9 endoplasms
  3 giant cockroaches
  16 goblins
  3 hobgoblins
  3 jackals (D:1)
  7 kobolds
  5 quokkas
  6 ball pythons
  2 frilled lizards
  9 rats
104 creatures vanquished.

Notes
Turn   | Place    | Note
-------+----------+-------------------------------------------
     0 | D:1      | Thatpatchoflichen the Draconian Ice Elementalist began the
                  | quest for the Orb.
     0 | D:1      | Reached XP level 1. HP: 14/14 MP: 3/3
   337 | D:1      | Reached XP level 2. HP: 20/20 MP: 1/5
   640 | D:1      | Found a faded altar of an unknown god.
  1301 | D:1      | Reached XP level 3. HP: 26/26 MP: 6/6
  2944 | D:2      | Learned a level 3 spell: Frozen Ramparts
  2948 | D:2      | Learned a level 3 spell: Ozocubu's Armour
  3087 | D:3      | Reached XP level 4. HP: 27/33 MP: 4/7
  3367 | D:3      | Noticed Jessica
  3381 | D:3      | Killed Jessica
  3709 | D:3      | Reached XP level 5. HP: 32/38 MP: 9/9
  3955 | D:3      | Reached skill level 5 in Ice Magic
  4056 | D:3      | Found a runed translucent door.
  4063 | D:3      | Noticed Triskal's ghost (amateur OpTm)
  4083 | D:3      | Killed Triskal's ghost
  4084 | D:3      | Reached XP level 6. HP: 41/45 MP: 1/10
  4504 | D:3      | Reached skill level 6 in Ice Magic
  4516 | D:4      | Reached skill level 1 in Fighting
  4974 | D:4      | Your scales start taking on a rich purple colour.
  4974 | D:4      | Reached XP level 7. HP: 55/59 MP: 7/12
  4977 | D:4      | Learned a level 1 spell: Corona
  5152 | D:5      | Entered Level 5 of the Dungeon
  5404 | D:5      | You are sucked into a shaft and drop 1 floor!
  5459 | D:5      | Reached skill level 1 in Hexes
  5581 | D:5      | HP: 1/60 [something (6)]
  5587 | D:5      | HP: 1/60 [something (1)]
  5587 | D:5      | Slain by a sky beast

Illustrated notes

Levels and vault maps discovered:
D:1:      dpeg_arrival_court, layout_basic, ebering_ecumenical_altar_webs,
          minmay_misc_feat_enclosed, chequers_avenue
D:2:      layout_rooms, serial_glass, glass_columns_c, glass_columns_b,
          minmay_tetromino_s4
D:3:      layout_loops_ring, ebering_ghost_sewer_d, uniq_jessica
D:4:      layout_gridville, minmay_ogre_servants
D:5:      layout_layer_cave, nicolae_overflow_hidden_temple,
          lightli_sewer_entry_pipes, serial_shops, nicolae_inconvenience_store,
          shop
D:6:      layout_basic, amcnicky_altar_gilded, temple_statues,
          skrybe_limestone_x, uniq_prince_ribbit1

Skill      XL: |  1  2  3  4  5  6  7 |
---------------+----------------------+-----
Dodging        | 2 3 4 |  4.0
Spellcasting   | 3 4 |  4.0
Ice Magic      | 5 6 |  6.2
Fighting       | 4 |  4.6
Hexes          | 1 |  1.4
Stealth        | |  1.7

Action                   |  1- 3 |  4- 6 |  7- 9 || total
-------------------------+-------+-------+-------++-------
Melee: Short sword       |    86 |       |       ||    86
       Tailslap          |     9 |     7 |     4 ||    20
       Dagger            |       |    72 |    22 ||    94
       Whip              |       |       |    35 ||    35
 Cast: Freeze            |    37 |    37 |       ||    74
       Ozocubu's Armour  |       |     9 |       ||     9
       Frozen Ramparts   |       |     7 |       ||     7
 Stab: Sleeping          |     2 |     1 |       ||     3
Armor: Skin              |    33 |    37 |    29 ||    99
Dodge: Dodged            |    77 |    78 |    47 ||   202
